 Dungeon Crawl Stone Soup version 0.26.0-10-g1f06aea511 (webtiles) character file.

Game seed: 9933227160402555140

45 sanka the Magician (level 3, 0/24 HPs)
             Began as a Barachi Hedge Wizard on Jan 22, 2021.
             Slain by a jackal (3 damage)
             ... on level 2 of the Dungeon.
             The game lasted 00:02:41 (1869 turns).

sanka the Magician (Barachi Hedge Wizard)           Turns: 1869, Time: 00:02:41

Health: 0/24       AC:  2    Str: 11    XL:     3   Next: 64%
Magic:  1/8        EV: 12    Int: 15    God:
Gold:   49         SH:  0    Dex: 11    Spells: 7/10 levels left

rFire    . . .     SeeInvis .   f - +0 spear
rCold    . . .     Faith    .   (no shield)
rNeg     . . .     Spirit   .   b - +0 robe
rPois    .         Reflect  .   c - +0 hat
rElec    .         Harm     .   (no cloak)
rCorr    .         Rampage  .   (no gloves)
Will     .....                  (no boots)
Stlth    ++........             (no amulet)
HPRegen  0.08/turn              (no ring)
MPRegen  0.11/turn              (no ring)

@: very slightly contaminated, slow
A: +LOS, swims, slowness 1, strong legs 1
a: Hop


You were on level 2 of the Dungeon.
You visited 1 branch of the dungeon, and saw 2 of its levels.

You collected 49 gold pieces.


Innate Abilities, Weirdness & Mutations

You can be seen from farther away. (+LOS)
You can swim through water.
You cover ground slowly.
You can hop short distances.


   Skills:
 - Level 2.1 Dodging
 - Level 1.7 Stealth
 - Level 4.0 Spellcasting
 - Level 2.0 Conjurations
 + Level 2.6 Summonings
 - Level 1.1 Translocations


You had 7 spell levels left.
You knew the following spells:

 Your Spells              Type           Power        Failure   Level
x - Call Imp              Summ           10%          10%         2
z - Magic Dart            Conj           36%          8%          1

Your spell library contained the following spells:

 Spells                   Type           Power        Failure   Level
 Blink                    Tloc           N/A          17%         2
 Slow                     Hex            3%           26%         2
 Conjure Flame            Conj/Fire      6%           34%         3
 Mephitic Cloud           Conj/Pois/Air  4%           38%         3

Inventory:

Hand Weapons
 a - a +0 dagger
 f - a +0 spear (weapon)
Armour
 b - a +0 robe (worn)
 c - a +0 hat (worn)
Scrolls
 d - 3 scrolls of teleportation {unknown}
 g - a scroll of remove curse {unknown}
 h - a scroll of random uselessness {unknown}
 i - a scroll of noise {unknown}
 j - a scroll of identify {unknown}
 k - a scroll of immolation {unknown}
 m - a scroll of enchant weapon {unknown}
Potions
 e - a potion of might {unknown}
 l - a potion of mutation {unknown}

Dungeon Overview and Level Annotations

Branches:
Dungeon (2/15)

Altars:
The Shining One

▒......... ▒▒▒ ▒........ ▒..
+........ ▒.▒ ▒........
▒.▒▒▒▒........
▒▒▒.....?.....▒ ▒+▒ ▒
.....▒▒▒▒▒▒▒..▒ ▒.▒ ..▒
▒.▒..▒........▒▒▒.▒▒▒▒▒....▒▒
▒..............hF............
▒.▒..▒.▒▒▒▒▒.▒▒▒▒.▒▒▒▒▒....▒.
▒.▒..▒.▒ ▒. ▒.▒ ▒.▒ ▒.▒..▒ .
.. ▒▒▒.▒ ▒.▒... .▒
▒▒▒▒▒...▒▒▒▒ ▒.▒....
.............▒▒
▒>.......<............▒▒
▒▒▒▒▒▒▒▒▒▒▒...▒ ▒.▒.▒


You could see a jackal.


Message History

The jackal closely misses you.
Aiming: Magic Dart (safe; 8% risk of failure)
Aim: a jackal (0% to evade)
The magic dart hits the jackal.
The jackal is heavily wounded.
The jackal misses you.
Aiming: Magic Dart (safe; 8% risk of failure)
Aim: a jackal (heavily wounded, 0% to evade)
You miscast Magic Dart.
You are very lightly contaminated with residual magic.
Nothing appears to happen.
The jackal closely misses you. The jackal bites you.
* * * LOW HITPOINT WARNING * * *
Aiming: Magic Dart (safe; 8% risk of failure)
Aim: a jackal (moderately wounded, 0% to evade)
The magic dart hits the jackal but does no damage.
The jackal is moderately wounded.
The jackal bites you.
* * * LOW HITPOINT WARNING * * *
You don't have enough magic to cast that spell.
You don't have enough magic to cast that spell.
You barely miss the jackal.
The jackal is moderately wounded.
The jackal closely misses you. The jackal closely misses you.
You barely miss the jackal.
The jackal is moderately wounded.
The jackal bites you.
You die...

Action                   || total
-------------------------++-------
Melee: Dagger            ||    41
       Spear             ||    27
 Cast: Magic Dart        ||    66
Invok: Renounce Religion ||     1
Armor: Robe              ||    19
Dodge: Dodged            ||    61

Levels and vault maps discovered:
D:1:      tarquinn_simple_flora_water_f, layout_rooms, supply_closet_lemuel,
          minmay_pentomino_v4
D:2:      layout_basic, chequers_ecumenical_altar_simple_redux

Notes
Turn   | Place    | Note
-------+----------+-------------------------------------------
     0 | D:1      | sanka the Barachi Hedge Wizard began the quest for the Orb.
     0 | D:1      | Reached XP level 1. HP: 13/13 MP: 4/4
   465 | D:1      | Reached XP level 2. HP: 19/19 MP: 0/6
   521 | D:1      | Learned a level 2 spell: Call Imp
   621 | D:1      | Reached skill level 2 in Conjurations
   969 | D:1      | Reached skill level 4 in Spellcasting
   984 | D:1      | Reached XP level 3. HP: 14/24 MP: 4/8
  1475 | D:2      | Found a faded altar of an unknown god.
  1557 | D:2      | Became a worshipper of the Shining One
  1557 | D:2      | Reached * piety under the Shining One
  1589 | D:2      | Reached skill level 2 in Summonings
  1702 | D:2      | Fell from the grace of the Shining One
  1869 | D:2      | Slain by a jackal

Vanquished Creatures
  An adder (D:2)
  An ooze (D:1)
  A worm (D:2)
  A leopard gecko (D:1)
  4 goblins
  3 hobgoblins
  4 jackals
  2 kobolds (D:1)
  5 bats
  3 frilled lizards (D:1)
  A rat (D:2)
26 creatures vanquished.

Table legend: (Time is in decaauts)
 A = Elapsed time spent in this place.
 B = Non-inter-level travel time spent in this place.
 C = Inter-level travel time spent in this place.
 D = Time resting spent in this place.
 E = Time spent auto-exploring this place.
 F = Levels seen in this place.
 G = Mean time per level.
                   A        B        C        D        E       F      G
               +--------+--------+--------+--------+--------+-----+--------+
         Total |   2010 |   1929 |     81 |    978 |    696 |   2 | 1005.0 |
       Dungeon |   2010 |   1929 |     81 |    978 |    696 |   2 | 1005.0 |
               +--------+--------+--------+--------+--------+-----+--------+

Top non-repeatable levels by time:
     D:1: 1461 daAuts
     D:2: 549 daAuts
